Cogmind - Beta 16 @@@ ROGUE MODE // 2026.01.26 @ 19:00:36 Player: TheAnonymousOne Result: Self-destructed Performance ------------- Evolutions (2) 1000 Regions Visited (6) 1200 Robots Destroyed (56) 280 Value Destroyed (1997) 1997 Prototype IDs (23) 460 Alien Tech Used (0) 0 Bonus (658) 658 TOTAL SCORE: 5595 Bonus ------- High Alert Combat Kills 158 Entered Garrisons 200 Aligned with FarCom 300 Cogmind --------- Core Integrity 125/550 Matter 130/300 Energy 160/160 System Corruption 0% Temperature Cool (0) Movement Flying (40) Location -8/Garrison Parts ------- > --- POWER (2) -------- Light Nuclear Core > --- PROPULSION (4) --- Flight Unit > --- UTILITY (3) ------ Weight Redist. System > --- WEAPON (2) ------- (None) > --- INVENTORY (5) ---- Advanced ECM Suite Core Shielding Relay Coupler [NC] (26) Relay Coupler [Sentry] (19) Relay Coupler [Hunter] (12) Peak State ------------ > --- POWER ------------ Light Nuclear Core > --- PROPULSION ------- Light Treads Light Treads Light Treads > --- UTILITY ---------- Heat Sink Large Storage Unit Propulsion Shielding > --- WEAPON ----------- Firepult > --- INVENTORY -------- Ion Engine Ion Engine Weight Redist. System ECM Suite ECM Suite Advanced ECM Suite Propulsion Shielding Dynamic Insulation System Beam Cannon Beam Cannon Beam Cannon Grenade Launcher Grenade Launcher [Rating: 31] Favorites ----------- Power Ion Engine Engine Ion Engine Power Core Light Nuclear Core Propulsion Light Treads Treads Light Treads Flight Unit Flight Unit Utility Large Storage Unit Device Heat Sink Storage Large Storage Unit Processor Targeting Computer Protection Propulsion Shielding Weapon Beam Cannon Energy Gun Medium Laser Energy Cannon Beam Cannon Ballistic Gun Assault Rifle Launcher Grenade Launcher Build | -11 -10 -10 -10 -9 -8 -8 ------- Run | Yrd Mat Min Exi Min Mat Gar Slots Evolved 4 | . . . . . 4 . Power 1 | . . . . . 1 . Propulsion 2 | . . . . . 2 . Utility 1 | . . . . . 1 . Weapon . | . . . . . . . Parts Attached 37 | 7 7 . 3 . 15 5 Power 7 | 1 . . 1 . 3 2 Engine 3 | 1 . . . . 1 1 Core 4 | . . . 1 . 2 1 Reactor . | . . . . . . . Propulsion 10 | 2 . . . . 6 2 Treads 4 | 2 . . . . 2 . Leg . | . . . . . . . Wheel . | . . . . . . . Hover . | . . . . . . . Flight 6 | . . . . . 4 2 Utility 9 | 1 3 . 1 . 4 . Device 4 | . 1 . 1 . 2 . Storage 2 | 1 1 . . . . . Processor 1 | . 1 . . . . . Hackware . | . . . . . . . Protection 2 | . . . . . 2 . Artifact . | . . . . . . . Weapon 11 | 3 4 . 1 . 2 1 Energy Gun 2 | 2 . . . . . . Energy Cannon 4 | . 1 . 1 . 2 . Ballistic Gun 2 | 1 1 . . . . . Ballistic Cannon . | . . . . . . . Launcher 3 | . 2 . . . . 1 Special Weapon . | . . . . . . . Impact Weapon . | . . . . . . . Slashing Weapon . | . . . . . . . Piercing Weapon . | . . . . . . . Special Melee Weapon . | . . . . . . . Unidentified Prototypes . | . . . . . . . Parts Lost 16 | . 1 . . . 4 11 Power 3 | . . . . . 2 1 Propulsion 6 | . . . . . 1 5 Utility 3 | . . . . . 1 2 Weapon 4 | . 1 . . . . 3 Highest Loss Streak 5 | . 1 . . . 2 5 To Critical Strikes . | . . . . . . . Average Backups 10 | 3 10 14 13 13 11 4 Power 1 | . 1 2 2 2 1 . Propulsion . | 1 1 2 1 1 . . Utility 4 | . 3 6 5 5 4 2 Weapon 3 | 1 3 4 4 5 4 1 Tool/Special . | . . . . . . . Unused Backups 7 | . . . 1 . 2 4 Power . | . . . . . . . Propulsion 1 | . . . 1 . . . Utility 6 | . . . . . 2 4 Weapon . | . . . . . . . Tool/Special . | . . . . . . . Average Slot Usage (%) 83 | . 97 100 86 85 71 61 Engine 7 | . 14 14 8 . 2 1 Core 4 | . . . 5 14 7 7 Treads 23 | . 28 28 28 28 19 . Flight 3 | . . . . . 7 20 Device 8 | . 1 . 10 14 10 12 Storage 11 | . 14 14 14 14 7 . Processor 3 | . 10 14 1 . . . Protection 1 | . . . . . 4 8 Energy Cannon 12 | . 13 14 14 14 12 7 Ballistic Gun 2 | . 7 . . . . . Launcher 3 | . 5 14 3 . . 5 Peak Build Rating 31 | 6 8 8 28 28 31 15 Average Rating 16 | 4 7 8 22 28 22 10 On Entrance 13 | . 6 8 8 28 28 15 Avg Prop Armor Cover (%) . | . . . . . . . Naked Turns . | . . . . . . . Heaviest Build 49 | 13 32 31 48 48 49 17 Greatest Support 60 | 40 40 40 40 40 60 26 Greatest Overweight (x) 3 | 3 . . 1 1 1 . Average Overweight (x) . | . . . . 1 . . Largest Inventory Capacity 15 | 8 15 15 15 15 15 5 Average Capacity 13 | 7 14 15 15 15 13 5 Most Carried 15 | 6 15 14 15 13 15 5 Average Carried 10 | 3 10 14 13 13 11 4 Final Capacity 15 | 8 15 15 15 15 5 5 Final Carried 14 | 3 14 14 13 13 4 5 Class Distribution -------------------- 90% | Mutant 6% | Scavenger-Sprinter 3% | Scavenger-Mutant Dominant Class ---------------- Mutant | -10/Materials Mutant | -10/Mines Mutant | -10/Exiles Mutant | -9/Mines Mutant | -8/Materials Mutant | -8/Garrison Resources | -11 -10 -10 -10 -9 -8 -8 ----------- Run | Yrd Mat Min Exi Min Mat Gar Matter Collected 812 | 195 237 . . 40 235 105 Remotely . | . . . . . . . Salvage Created 1944 | . 485 . . . 1150 309 Parts 83 | . 34 . . . 33 16 Haulers Intercepted 3 | . 1 . . . 2 . Recyclers Shooed . | . . . . . . . Parts Field Recycled . | . . . . . . . Retrieved Matter . | . . . . . . . Parts Self-Destructed . | . . . . . . . Prevented . | . . . . . . . Parts Restored . | . . . . . . . Kills | -11 -10 -10 -10 -9 -8 -8 ------- Run | Yrd Mat Min Exi Min Mat Gar Combat Hostiles Destroyed 39 | . 11 . . . 14 14 Guns 2 | . 2 . . . . . Cannons 15 | . 7 . . . 4 4 AOE 18 | . 1 . . . 7 10 Classes Destroyed 11 | . 6 . . . 4 1 Worker 2 | . 1 . . . 1 . Builder 1 | . . . . . 1 . Tunneler 2 | . . . . . 2 . Hauler 3 | . 1 . . . 2 . Recycler 4 | . . . . . 4 . Operator 2 | . 2 . . . . . Watcher 3 | . 1 . . . 2 . Swarmer 10 | . 3 . . . 4 3 Grunt 23 | . 8 . . . 6 9 Duelist 1 | . . . . . . 1 Sentry 5 | . . . . . 4 1 Best Kill Streak 10 | . 5 . . . 10 4 Combat Bots Only 4 | . 3 . . . 4 4 Max Kills in Single Turn 3 | . 1 . . . 3 2 Gunslinging . | . . . . . . . Exploded 2 | . 1 . . . 2 2 Melee . | . . . . . . . Uniques/NPCs Destroyed . | . . . . . . . Combat | -11 -10 -10 -10 -9 -8 -8 -------- Run | Yrd Mat Min Exi Min Mat Gar Hostile Shots Fired 194 | . 41 . . . 78 75 Missed 72 | . 6 . . . 27 39 Hits 122 | . 35 . . . 51 36 Melee 1 | . . . . . . 1 Projectile 121 | . 35 . . . 51 35 Critical Strikes 4 | . . . . . 2 2 Actively Blocked 2 | . . . . . 1 1 Damage Taken 2090 | . 372 . . . 971 747 Core 538 | . 113 . . . 119 306 Absorbed by Shields 9 | . . . . . . 9 Redirected to Shielding 119 | . . . . . 78 41 Regen/Repaired (Parts) 110 | . . . . . 110 . Core Remaining (%) 77 | 100 . . . 54 . . Volleys Fired 120 | . 41 . . . 43 36 Largest 2 | . 2 . . . 2 2 Hottest 250 | . 90 . . . 250 90 Shots Fired 177 | . 67 . . . 70 40 Gun 24 | . 24 . . . . . Cannon 127 | . 41 . . . 70 16 Launcher 26 | . 2 . . . . 24 Special . | . . . . . . . Kinetic 24 | . 24 . . . . . Thermal 127 | . 41 . . . 70 16 Explosive 26 | . 2 . . . . 24 Electromagnetic . | . . . . . . . Robot Hit Streak 11 | . 11 . . . 5 7 Robot Miss Streak 7 | . 5 . . . 7 3 Penetration Max . | . . . . . . . Secondary Targets . | . . . . . . . Shots Hit Robots 105 | . 38 . . . 44 23 Core Hits 93 | . 19 . . . 38 36 Critical Kills 1 | . 1 . . . . . Critical Parts Destroyed . | . . . . . . . Critical Strikes 1 | . 1 . . . . . Meltdown 1 | . 1 . . . . . Melee Attacks . | . . . . . . . Impact . | . . . . . . . Slashing . | . . . . . . . Piercing . | . . . . . . . Sneak Attacks . | . . . . . . . Combat Hostiles . | . . . . . . . Follow-up Attacks . | . . . . . . . Damage Inflicted 3819 | . 598 . . 4 1761 1456 Guns 157 | . 157 . . . . . Cannons 1323 | . 417 . . . 712 194 Explosions 2335 | . 24 . . . 1049 1262 Melee . | . . . . . . . Ramming 4 | . . . . 4 . . Kinetic 157 | . 157 . . . . . Thermal 2084 | . 417 . . . 1473 194 Explosive 1574 | . 24 . . . 288 1262 Electromagnetic . | . . . . . . . Impact . | . . . . . . . Slashing . | . . . . . . . Piercing . | . . . . . . . Highest Corruption . | . . . . . . . Average Corruption . | . . . . . . . Corruption Purged . | . . . . . . . Corruption Blocked . | . . . . . . . Overload Shots . | . . . . . . . Overflow Damage 114 | . 9 . . . 105 . Projectiles 9 | . 9 . . . . . Explosions 105 | . . . . . 105 . Melee . | . . . . . . . Knockbacks . | . . . . . . . Impact . | . . . . . . . Kinetic . | . . . . . . . Secondary . | . . . . . . . Self-Inflicted Damage 336 | . 23 . . . 172 141 Shots 15 | . 1 . . . 7 7 Rammed 1 | . . . . 1 . . Targets Rammed 1 | . . . . 1 . . Kicked . | . . . . . . . Crushed . | . . . . . . . Highest Temperature 629 | . 202 . . . 629 59 Average Temperature 143 | . 71 . . . 207 21 Received Heat Transfer 723 | . 84 . . . 369 270 Effects 20 | . . . . . 20 . Shutdowns 4 | . . . . . 4 . Energy Bleed 8 | . . . . . 8 . Interference 2 | . . . . . 2 . Matter Decay 1 | . . . . . 1 . Short Circuit 1 | . . . . . 1 . Damage (minor) 3 | . . . . . 3 . Damage (major) 1 | . . . . . 1 . Siege Activations . | . . . . . . . Martial Activations . | . . . . . . . Shielding Activations . | . . . . . . . Robots Disrupted . | . . . . . . . Combat Hostiles . | . . . . . . . Robots Corrupted . | . . . . . . . Combat Hostiles . | . . . . . . . Parts Fried . | . . . . . . . Impact Corruptions . | . . . . . . . Robots Melted 4 | . 1 . . . 3 . Combat Hostiles 4 | . 1 . . . 3 . Parts Melted 24 | . 4 . . . 20 . Heat Transferred 7482 | . 888 . . . 6187 407 Parts Sabotaged . | . . . . . . . Parts Stolen . | . . . . . . . Parts Stripped . | . . . . . . . Power Chain Reactions . | . . . . . . . Alert | -11 -10 -10 -10 -9 -8 -8 ------- Run | Yrd Mat Min Exi Min Mat Gar Maximum Alert Level 3 | . . . . . 1 3 Low Security (%) 64 | 100 100 100 . 100 40 . Level 1 24 | . . . . . 59 34 Level 2 8 | . . . . . . 53 Level 3 1 | . . . . . . 11 Level 4 . | . . . . . . . Level 5 . | . . . . . . . High Security . | . . . . . . . Max Security . | . . . . . . . Peak Influence 737 | . 167 49 . . 385 737 Initial 245 | . . 49 . . . 245 Average 179 | . 78 46 . . 221 467 Influence Increases 1648 | . 371 . . . 685 592 Destroy 0b10 Robot/C 780 | . 220 . . . 280 280 Destroy 0b10 Robot/NC 85 | . 25 . . . 60 . Destroy Leader 142 | . 54 . . . 78 10 Successful Hack 14 | . 12 . . . 2 . Disable Machine 120 | . 30 . . . 90 . Anti-Garrison Action 100 | . . . . . . 100 Destroy Structure 182 | . 15 . . . 115 52 Partial Spotted 15 | . 15 . . . . . Lose Combat Pursuer 210 | . . . . . 60 150 Influence Decreases 921 | . 244 88 39 . 308 242 Entered New Map 249 | . . 78 39 . . 132 Time Decay 512 | . 234 10 . . 268 . Lost Part 160 | . 10 . . . 40 110 Squads Dispatched 6 | . 4 . . . 2 . Investigation 2 | . 1 . . . 1 . Extermination . | . . . . . . . Reinforcement 4 | . 3 . . . 1 . Assault . | . . . . . . . Garrison . | . . . . . . . Intercept . | . . . . . . . Searches Triggered . | . . . . . . . Construction Impeded 1 | . . . . . 1 . Haulers Reinforced . | . . . . . . . Active Scanning Responses . | . . . . . . . Cargo Convoy Interrupts . | . . . . . . . Stealth | -11 -10 -10 -10 -9 -8 -8 --------- Run | Yrd Mat Min Exi Min Mat Gar Distress Signals 2 | . . . . . 2 . Communications Jammed . | . . . . . . . Distress Signals . | . . . . . . . Times Spotted 71 | . 17 . . . 28 26 Peak Tracking Total 7 | . 3 . . . 6 7 Tactical Retreats 7 | . . . . . 3 4 Traps | -11 -10 -10 -10 -9 -8 -8 ------- Run | Yrd Mat Min Exi Min Mat Gar Traps Triggered 8 | . 2 . . . 2 4 Indirectly . | . . . . . . . Trap Hack Attempts . | . . . . . . . Triggered . | . . . . . . . Disarmed . | . . . . . . . Reprogrammed . | . . . . . . . Reused . | . . . . . . . Traps Extracted . | . . . . . . . Installed . | . . . . . . . Triggered . | . . . . . . . Machines | -11 -10 -10 -10 -9 -8 -8 ---------- Run | Yrd Mat Min Exi Min Mat Gar Machines Disabled 10 | . 2 . . . 6 2 Max in Single Turn 3 | . 1 . . . 3 1 Garrison Relay 2 | . . . . . . 2 Machines Repaired . | . . . . . . . Machines Dismantled . | . . . . . . . Machines Sabotaged . | . . . . . . . Overloaded Fab Kills . | . . . . . . . Hacking | -11 -10 -10 -10 -9 -8 -8 --------- Run | Yrd Mat Min Exi Min Mat Gar Machines Accessed 14 | . 6 . 5 . 3 . Terminals 5 | . 5 . . . . . Fabricators . | . . . . . . . Repair Stations 1 | . . . . . 1 . Recycling Units 1 | . 1 . . . . . Scanalyzers 1 | . . . . . 1 . Garrison Access 1 | . . . . . 1 . Total Hacks 70 | . 11 . 50 . 9 . Successful 63 | . 7 . 50 . 6 . Failed 7 | . 4 . . . 3 . Catastrophic . | . . . . . . . Database Lockouts . | . . . . . . . Manual 8 | . 7 . 1 . . . Terminals 7 | . 7 . . . . . Fabricators . | . . . . . . . Repair Stations 4 | . . . . . 4 . Recycling Units 4 | . 4 . . . . . Scanalyzers 4 | . . . . . 4 . Garrison Access 1 | . . . . . 1 . Terminal Hacks 50 | . . . 50 . . . Record 49 | . . . 49 . . . Proto ID Catalog 1 | . . . 1 . . . Fabricator Hacks . | . . . . . . . Repair Station Hacks 2 | . . . . . 2 . Scan Component 1 | . . . . . 1 . Repair 1 | . . . . . 1 . Recycling Unit Hacks 2 | . 2 . . . . . Report Inventory 1 | . 1 . . . . . Retrieve Components 1 | . 1 . . . . . Scanalyzer 3 | . . . . . 3 . Insert Component 1 | . . . . . 1 . Analyze 1 | . . . . . 1 . Retrieve Study 1 | . . . . . 1 . Garrison Access Hacks 1 | . . . . . 1 . Unlock Access 1 | . . . . . 1 . Unauthorized Hacks 5 | . 5 . . . . . Terminals 5 | . 5 . . . . . Botnet 5 | . 5 . . . . . Fabricators . | . . . . . . . Repair Stations . | . . . . . . . Recycling Units . | . . . . . . . Scanalyzers . | . . . . . . . Garrison Access . | . . . . . . . Data Cores Recovered . | . . . . . . . Used . | . . . . . . . Hacking Detections 4 | . 3 . . . 1 . Full Trace Events . | . . . . . . . Feedback Events . | . . . . . . . Feedback Blocked . | . . . . . . . Robot Schematics Acquired . | . . . . . . . Robots Built . | . . . . . . . Authchips . | . . . . . . . Time . | . . . . . . . Total Robot Build Rating . | . . . . . . . Part Schematics Acquired 1 | . . . . . 1 . Parts Built . | . . . . . . . Authchips . | . . . . . . . Time . | . . . . . . . Total Part Build Rating . | . . . . . . . Part Studies Acquired 1 | . . . . . 1 . Parts Repaired 1 | . . . . . 1 . Time 26 | . . . . . 26 . Parts Recycled . | . . . . . . . Recycled Matter . | . . . . . . . Retrieved Matter . | . . . . . . . Retrieved Components 2 | . 2 . . . . . Parts Scanalyzed 1 | . . . . . 1 . Part Schematics Acquired 1 | . . . . . 1 . Parts Damaged . | . . . . . . . Bothacking | -11 -10 -10 -10 -9 -8 -8 ------------ Run | Yrd Mat Min Exi Min Mat Gar Used RIF Installer . | . . . . . . . Robots Hacked . | . . . . . . . Non-combat . | . . . . . . . Combat . | . . . . . . . Robot Hacks Applied . | . . . . . . . Relay Couplers Released 9 | . . . . . . 9 Machine Destruction 9 | . . . . . . 9 Fabnet Peak Effective % . | . . . . . . . Robots Rewired . | . . . . . . . Allies Hacked . | . . . . . . . Hacks Repelled . | . . . . . . . Allies | -11 -10 -10 -10 -9 -8 -8 -------- Run | Yrd Mat Min Exi Min Mat Gar Total Allies . | . . . . . . . Largest Group . | . . . . . . . Highest-Rated Group . | . . . . . . . Highest-Rated Ally . | . . . . . . . Total Orders . | . . . . . . . Ally Attacks . | . . . . . . . Total Damage . | . . . . . . . Kills . | . . . . . . . Allies Corrupted . | . . . . . . . Allies Melted . | . . . . . . . Intel | -11 -10 -10 -10 -9 -8 -8 ------- Run | Yrd Mat Min Exi Min Mat Gar Active Infowar (turns) 54 | . 53 . . . 1 . ECM 54 | . 53 . . . 1 . Robot Analysis Total . | . . . . . . . Derelict Logs Recovered . | . . . . . . . Drone Launches . | . . . . . . . Drone Recoveries . | . . . . . . . Exploration | -11 -10 -10 -10 -9 -8 -8 ------------- Run | Yrd Mat Min Exi Min Mat Gar Turns Passed 2891 | 68 758 26 1045 96 605 293 Spaces Moved 1764 | 42 389 17 479 40 365 432 Core 16 | 16 . . . . . . Treads 1144 | 26 389 17 479 40 193 . Legs . | . . . . . . . Wheels . | . . . . . . . Hover . | . . . . . . . Flight 604 | . . . . . 172 432 Fastest Speed 31 | 50 160 160 160 240 31 31 Average Speed 135 | 128 160 160 216 240 107 35 Slowest Speed 240 | 200 160 160 240 240 240 40 Overloaded Moves . | . . . . . . . Propulsion Burnouts . | . . . . . . . Robots Hopped 12 | . . . . . 7 5 Potential Cave-ins 1 | . . . . . 1 . Cave-ins Triggered . | . . . . . . . Exploration Rate (%) 40 | 4 76 6 92 19 29 55 Regions Visited 6 Branch Regions 3 Pre-discovered Areas 1 | . . . 1 . . . Known Exits Taken 1 | . . . . . 1 . Unknown Exits Taken 5 | 1 1 1 1 1 . . Scrap Searched 1 | . . . . 1 . . Spaces Dug . | . . . . . . . Terrain Destroyed 235 | . 14 . . . 124 97 Melee . | . . . . . . . Projectile 3 | . . . . . 3 . AOE 232 | . 14 . . . 121 97 Terrain Rammed . | . . . . . . . Walls Destroyed . | . . . . . . . Machines Disabled . | . . . . . . . Actions | -11 -10 -10 -10 -9 -8 -8 --------- Run | Yrd Mat Min Exi Min Mat Gar Total 2082 | 54 457 16 489 40 503 523 Wait 78 | . . . . . 61 17 Move 1734 | 41 388 16 478 39 352 420 Hop 9 | . . . . . 5 4 Pick Up 42 | 6 16 . 3 . 11 6 Fast Attach 8 | 3 1 . . . 1 3 Attach 26 | 3 2 . 2 . 14 5 Detach 1 | . . . . . 1 . Swap 10 | 1 5 . 1 . 3 . Drop 23 | . 4 . 5 . 12 2 Fire 120 | . 41 . . . 43 36 Melee . | . . . . . . . Ram . | . . . . . . . Kick . | . . . . . . . Crush 1 | . . . . 1 . . Escape Stasis 30 | . . . . . . 30 Rewire . | . . . . . . . Trap . | . . . . . . . Miscellaneous . | . . . . . . . Route ------- -11/Scrapyard -10/Materials (discovered 5 exits: [*Mat x3] / [*Min x2]) -10/Mines -10/Exiles -9/Mines -8/Materials (discovered 2 exits: [*Fac] / Gar) -8/Garrison (discovered 3 exits: [*Mat x3]) History --------- Turn | Location | Event 8 | -11/Scrapyard | Discovered new exit (range 16) 69 | -11/Scrapyard | Entered Materials 141 | -10/Materials | Discovered new exit (range 13) 157 | -10/Materials | Discovered new exit (range 9) 318 | -10/Materials | Build established: Mutant 361 | -10/Materials | Discovered new exit (range 3) 661 | -10/Materials | Discovered new exit (range 3) 763 | -10/Materials | Discovered new exit (range 9) 827 | -10/Materials | Entered Mines 845 | -10/Mines | Deemed a non-threat by the Exiles lab entrance 847 | -10/Mines | Discovered new exit (range 5) 853 | -10/Mines | Entered Exiles 893 | -10/Exiles | Met 8R-AWN 924 | -10/Exiles | Met EX-HEX 972 | -10/Exiles | Met EX-BIN 995 | -10/Exiles | Aligned with FarCom system 996 | -10/Exiles | Given EX-Vault access code 1065 | -10/Exiles | Opened EX-Vault 1079 | -10/Exiles | Found Firepult 1135 | -10/Exiles | Warned to stay clear of 0b10 Research branches 1212 | -10/Exiles | Met EX-DEC 1241 | -10/Exiles | Learned location of Zion (-7) 1453 | -10/Exiles | Visited The Gauntlet 1866 | -10/Exiles | Discovered new exit (range 14) 1898 | -10/Exiles | Left Exiles lab with Firepult 1898 | -10/Exiles | Entered Mines 1899 | -9/Mines | Assembled infested the area 1904 | -9/Mines | Assisted by a Guerilla fighting off Assembled 1966 | -9/Mines | Discovered new exit (range 13) 1994 | -9/Mines | Entered Materials 1994 | -8/Materials | Evolved 4 slots: Power x1, Propulsion x2, Utility x1 2150 | -8/Materials | Repaired Lgt. Treads 2588 | -8/Materials | Discovered new exit (range 7) 2598 | -8/Materials | Identified exit to Garrison 2599 | -8/Materials | Entered Garrison 2607 | -8/Garrison | Triggered checkpoint 2639 | -8/Garrison | Triggered checkpoint 2649 | -8/Garrison | Discovered new exit (range 14) 2655 | -8/Garrison | Triggered checkpoint 2655 | -8/Garrison | Discovered new exit (range 5) 2685 | -8/Garrison | Attempted to access garrison exit controls, blocked by remote lockdown 2695 | -8/Garrison | Triggered checkpoint 2701 | -8/Garrison | Garrison Relay disabled 2708 | -8/Garrison | Core integrity fell below 50% 2750 | -8/Garrison | Lost 5 parts (1p2n1u1w) 2780 | -8/Garrison | Triggered checkpoint 2834 | -8/Garrison | Discovered new exit (range 10) 2838 | -8/Garrison | Attempted to access garrison exit controls, blocked by remote lockdown 2845 | -8/Garrison | Triggered checkpoint 2847 | -8/Garrison | Garrison Relay disabled 2892 | -8/Garrison | Self-destructed Last Messages --------------- Relay Coupler [Swarmer] tumbles out of relay unit. Relay Coupler [Sentry] tumbles out of relay unit. Relay Coupler [Swarmer] tumbles out of relay unit. G-47 Trooper destroyed. The unstable cave ceiling collapses. G-47 Trooper destroyed. L-31 Rogue destroyed. Propulsion Shielding destroyed. G-47 Trooper destroyed. Acquired 31 matter. Acquired Core Shielding. The unstable cave ceiling collapses. C-45 Heavy ARC bursts open, deploying its payload. S-10 Pest unfolds itself. Grenade Launcher destroyed. S-10 Pest destroyed. Map ----- +----------------------------------------------------+ | ???????????????????????????????????????????# ###? | | ??????????????????????????????????????????## #"#? | | ??????????????????????????????????????????#T "#? | | ??????????????????????????????????????????## "#? | | ??????#######??????????????????????????????# "#? | | ??????# #??????????????????????????????# #"#? | | ??????# ##?????????????????????????????# ###? | | ??????# #?????????????????????????????# #??? | | ??????# # < #?????????????????????????????# #??? | | ????????# #???????????????????????????### #??? | | ????????### #???????????????????????????# #??? | | ??????????# #???????????????????????????# #??? | | ??????????# #???????????????????????????# #??? | | ??????????# #???????????????????????????### #??? | | ????####### #???????????????????########### #### | | ????# ##############??????# ^ | | ????# ##### b #??????# | | ????# #???# ] #??????# | | ????# #???########+##### #??????# g############# | | ????# #????????????????# #??????# gb#???????????? | | ??### #????????????????# #??????# #???????????? | | ??# ####?????????????# #??????# #???????????? | | ??# #?????????????# #??????# #???????????? | | ??# #?????????????# #??????# #???????????? | | ##### #?????????????# #?ssss?# #???????????? | | # ####????????????## @##""""## #???????????? | | ## # #?????????????# #???????????? | | ?# / #?????????????# #???????????? | | ?# #?????????????# #???????????? | | ?# #?????????????# ## ## #???????????? | | ?# # # #???????????### ## ## #???????????? | | ?########???????????# [ "g??????????? | | ????????????????????# =%= "???????????? | | ????????????????????# s%s "g??????????? | | ??????????????????### s "g??????????? | | ??????????????????# ### # ## #???????????? | | ????????????######## # ## #???????????? | | ????????????# *% #???????????? | | ????????????# #???????????? | | ????????????# ##### #???????????? | | #####???????# #???# # # ## #???????????? | | #???????# #???##### ## ## #???????????? | | ######??# #???????# #?#####? #???????????? | | #??# #???????# #??????? #???????????? | | #??# #???????# #???????^ ^#???????????? | | #### ####??# #???????# #??????? #???????????? | | ???# ####### ##+######^ #??????? #???????????? | | ???# #??????????????????????? | | ???# #??????????????????????? | | ???# ####### ######### #??????????????????????? | +----------------------------------------------------+ Best States ------------- Heat Dissipation 41 Energy Generation 23 Energy Capacity 300 Matter Stores 300 Matter Capacity 300 Sight Range 16 Terrain Scan Density 10 ECM Strength 1 Additional Mass Support 6 Propulsion Shielding 33 Evasion (%) 63 Targeting Accuracy 5 Recoil Reduction 3 Item Schematics ----------------- Flight Unit | -8/Materials | Scanalyzed Robot Schematics ------------------ None Fabricated ------------ Nothing Repaired ---------- Lgt. Treads | 21% | -8/Materials Studied --------- Flight Unit | -8/Materials | Hacked Alien Tech Used ----------------- None Achievements -------------- None Challenges ------------ None Game ------ Seed CombatVoltaicRedistributor Manual? 0 Play Time 00:28:19 Cumulative 8.0 hours Start 2026.01.26 @ 18:37:00 End 2026.01.26 @ 19:00:36 Sessions 1 Manual Loads 0 Difficulty Rogue Special Mode None Game No. 42 Rogue 42 Adventurer 0 Explorer 0 Win Type - Total 0 Types 0/0/0/0/0/0/0/0/0/0 Lore% 12 Gallery% 12 Achievement% 13 Wizard Run 0 Options --------- Layout 1 ASCII 0 Keyboard 0 Movement Numpad Keybinds 0 Fullscreen 1 Font 24/Smallcaps Map View 50x35 Zoom Use 0% Tactical HUD 0 Map Filters NONE Filters NONE Steam 1 RUN: 85b8d6b2-1df0-44d9-858a-afccf6b1aa1a